 Dungeon Crawl Stone Soup version 0.26-a0-712-ga5a9c9c9d0 (webtiles) character file.

Game seed: 5573949033918104369

473 Inarius the Chopper (level 6, -1/53 HPs)
             Began as a Draconian Chaos Knight on Nov 1, 2020.
             Was a Plaything of Xom.
             Slain by Duvessa
             ... wielding a +0 short sword
              (5 damage)
             ... on level 4 of the Dungeon.
             The game lasted 00:04:19 (4217 turns).

Inarius the Chopper (Draconian Chaos Knight)        Turns: 4217, Time: 00:04:19

Health: -1/53      AC:  6    Str: 16    XL:     6   Next: 83%
Magic:  6/6        EV: 13    Int: 12    God:    Xom [...*..]
Gold:   148        SH:  0    Dex: 11    Spells: 5/5 levels left

rFire    . . .     SeeInvis .   o - +0 battleaxe
rCold    . . .     Faith    .   (shield currently unavailable)
rNeg     . . .     Spirit   .   (armour unavailable)
rPois    .         Reflect  .   (helmet restricted)
rElec    .         Harm     .   (no cloak)
rCorr    .         Rampage  .   (no gloves)
MR       .....                  (no boots)
Stlth    +.........             (no amulet)
HPRegen  0.17/turn              (no ring)
MPRegen  0.10/turn              (no ring)

@: invisible
A: unfitting armour, deterioration 1, screaming 1, cold-blooded, AC +6
a: Renounce Religion


You were on level 4 of the Dungeon.
You worshipped Xom.
You were a favourite toy of Xom.
You visited 1 branch of the dungeon, and saw 4 of its levels.

You collected 148 gold pieces.

Inventory:

Hand Weapons
 a - a +0 hand axe of chaos
 l - a +2 falchion of electrocution
 o - a +0 battleaxe (weapon)
Missiles
 s - a throwing net (quivered)
Jewellery
 p - a +4 ring of slaying {unknown}
Scrolls
 c - 2 scrolls of blinking
 d - a scroll of enchant armour {unknown}
 e - 3 scrolls of identify
 g - a scroll of immolation
 h - 3 scrolls of remove curse
 j - a scroll of enchant weapon {unknown}
 m - a scroll of magic mapping {unknown}
 n - a scroll of amnesia {unknown}
 q - a scroll of teleportation {unknown}
Potions
 b - a potion of stabbing
 f - 3 potions of lignification {unknown}
 i - 2 potions of haste {unknown}
 k - 2 potions of mutation {unknown}
 r - a potion of heal wounds {unknown}
 t - a potion of flight {unknown}
 u - 2 potions of invisibility {unknown}


   Skills:
 + Level 4.6 Fighting
 * Level 6.7 Axes
 + Level 3.1 Dodging


You had 5 spell levels left.
You didn't know any spells.
Your spell library was empty.

Dungeon Overview and Level Annotations

Branches:
Dungeon (4/15)
 Temple: D:4-7

Altars:
Elyvilon
Fedhas
Okawaru
Yredelemnul

Annotations:
D:4 Duvessa


Innate Abilities, Weirdness & Mutations

Your plain brown scales are hard. (AC +6)
You cannot fit into any form of body armour.
You are cold-blooded and may be slowed by cold attacks.
Your body sometimes deteriorates upon taking damage.
You occasionally shout uncontrollably at your foes.


Message History

As you read the scroll labeled ONEATI LIAG, it crumbles to dust.
It is a scroll of identify.
c - 2 scrolls of blinking Duvessa completely misses you.
Duvessa hits you with a +0 short sword!
Unknown command.
Okay, then.
As you read the scroll labeled GATHEE SUNYFA, it crumbles to dust.
You feel blessed for a moment.
It was a scroll of remove curse.
Duvessa hits you with a +0 short sword.
* * * LOW HITPOINT WARNING * * *
As you read the scroll labeled YKAYWUMUYR, it crumbles to dust.
The creatures around you are filled with an inner flame!
It was a scroll of immolation. "Go forth and destroy!"
You fade into invisibility!
Duvessa hits you with a +0 short sword!
* * * LOW HITPOINT WARNING * * *
Duvessa hits you with a +0 short sword.
You die...
Xom laughs nastily!

####### #.#...###
......#####.#..##.##
......+........'...#
......######...##.##
###'##..........#'#####
###.##......#####)##..##
..#.##.....##.(.'#'....#
..#.##...†.#..(.(##....#
..#.##.....#....@###..##
..'.##.....#(.[).eY####
..####.....##...##oo.....
..# #......##### .......
..# #....... ....... ..#
......### ....... ..#
#'##### ..+ .# ..# .#


You could see Duvessa (berserk, inner flame), an ice beast (inner flame) and 2
orcs.

Vanquished Creatures
  A hound (D:4)
  2 bullfrog skeletons (D:4)
  An orc priest (D:3)
  An orc wizard (D:3)
  2 worker ants (D:4)
  2 iguanas (D:4)
  8 adders
  2 oozes
  4 worms
  A dart slug (D:1)
  3 leopard geckos
  5 orcs
  6 giant cockroaches
  11 goblins
  13 hobgoblins
  6 jackals
  2 quokkas
  7 bats
  7 frilled lizards
  6 kobolds
  5 rats
95 creatures vanquished.

Vanquished Creatures (collateral kills)
  Dowan (D:4)
  A giant cockroach (D:4)
2 creatures vanquished.

Grand Total: 97 creatures vanquished

Notes
Turn   | Place    | Note
-------+----------+-------------------------------------------
     0 | D:1      | Inarius the Draconian Chaos Knight began the quest for the
                  | Orb.
     0 | D:1      | Reached XP level 1. HP: 19/19 MP: 1/1
    81 | D:1      | Reached XP level 2. HP: 26/26 MP: 2/2
   223 | D:1      | XOM: divination: detect items
   528 | D:2      | Reached XP level 3. HP: 33/33 MP: 3/3
   885 | D:2      | Reached skill level 4 in Axes
   983 | D:2      | Reached XP level 4. HP: 25/40 MP: 4/4
  1165 | D:2      | XOM: silly message
  1251 | D:2      | Found a faded altar of an unknown god.
  1298 | D:2      | Found a white marble altar of Elyvilon.
  1366 | D:2      | Found a basalt altar of Yredelemnul.
  1569 | D:2      | XOM: noise
  1615 | D:2      | XOM: noise
  1619 | D:2      | XOM: give mutation
  1619 | D:2      | Gained mutation: You occasionally shout uncontrollably at
                  | your foes. [Xom's mischief]
  2331 | D:3      | XOM: noise
  2335 | D:3      | Reached skill level 5 in Axes
  2335 | D:3      | Reached XP level 5. HP: 37/46 MP: 5/5
  2430 | D:3      | Found a blossoming altar of Fedhas.
  2562 | D:3      | Found an iron altar of Okawaru.
  2633 | D:3      | XOM: give mutation
  2633 | D:3      | Gained mutation: Your body sometimes deteriorates upon
                  | taking damage. [Xom's mischief]
  2950 | D:4      | Noticed Duvessa
  2950 | D:4      | Noticed Dowan
  3485 | D:4      | XOM: 1-stop teleportation journey
  3498 | D:4      | Reached XP level 6. HP: 44/53 MP: 6/6
  3774 | D:4      | XOM: cast spell 'Shadow Creatures'
  3790 | D:4      | Killed Dowan
  3790 | D:4      | Reached skill level 6 in Axes
  3878 | D:4      | XOM: cast spell 'Summon Ice Beast'
  4028 | D:4      | XOM: silly message
  4207 | D:4      | Noticed an ice beast
  4217 | D:4      | XOM: potion effect (invisibility)
  4217 | D:4      | Slain by Duvessa

Illustrated notes

Levels and vault maps discovered:
D:1:      sevenhm_arrival_forest_fort_small_3, layout_rooms
D:2:      layout_basic, kennysheep_ying_yang, chequers_ecumenical_altar_simple
D:3:      minmay_inner_zag, layout_basic, nicolae_overflow_hidden_temple,
          marbit_many_paths, fedhas_altar_1
D:4:      layout_basic, minmay_joined_circles, uniq_duvessa

Skill      XL: |  1  2  3  4  5  6 |
---------------+-------------------+-----
Axes           | 4 5 6 |  6.7
Fighting       | 4 |  4.6
Dodging        | 3 |  3.1

Action                   |  1- 3 |  4- 6 || total
-------------------------+-------+-------++-------
Melee: Hand axe          |    87 |   121 ||   208
       Tailslap          |     9 |    21 ||    30
       Battleaxe         |       |    96 ||    96
Throw: Throwing net      |       |     1 ||     1
  Use: Scroll            |       |     3 ||     3
       Potion            |       |     1 ||     1
 Stab: Paralysed         |     2 |       ||     2
       Petrified         |     4 |       ||     4
       Sleeping          |       |     1 ||     1
Armor: Skin              |    26 |    61 ||    87
Dodge: Dodged            |    56 |   168 ||   224

Table legend: (Time is in decaauts)
 A = Elapsed time spent in this place.
 B = Non-inter-level travel time spent in this place.
 C = Inter-level travel time spent in this place.
 D = Time resting spent in this place.
 E = Time spent auto-exploring this place.
 F = Levels seen in this place.
 G = Mean time per level.
                   A        B        C        D        E       F      G
               +--------+--------+--------+--------+--------+-----+--------+
         Total |   4279 |   4114 |    165 |   1122 |   2276 |   4 | 1069.8 |
       Dungeon |   4279 |   4114 |    165 |   1122 |   2276 |   4 | 1069.8 |
               +--------+--------+--------+--------+--------+-----+--------+

Top non-repeatable levels by time:
     D:3: 1580 daAuts
     D:2: 1247 daAuts
     D:4: 924 daAuts
     D:1: 526 daAuts
